 Dungeon Sprint DCSS version 0.30-a0-1161-g0704695555 (webtiles) character file.

Game seed: 10542717269511206179

24245 123456 the Slayer (level 12, -1/140 HPs)
             Began as a Minotaur Fighter on Apr 27, 2023.
             Was an Initiate of Gozag.
             Slain by a demonic crawler (15 damage)
             ... in the Dungeon (Sprint IX: "|||||||||||||||||||||||||||||").
             The game lasted 00:08:46 (3340 turns).

123456 the Slayer (Minotaur Fighter)                Turns: 3340, Time: 00:08:47

Health: -1/140     AC: 17    Str: 22    XL:     12   Next: 79%
Magic:  11/11      EV: 18    Int:  5    God:    Gozag
Gold:   7050       SH: 10    Dex: 17    Spells: 11/11 levels left

rFire   . . .        r - +9 eveningstar (venom)
rCold   + . .        c - +0 buckler
rNeg    . . .        t - +3 chain mail
rPois   .            (helmet restricted)
rElec   +            x - +2 cloak
rCorr   .            A - +1 pair of gloves "Duecace" {rElec rC+}
SInv    .            z - +0 pair of boots {Fly}
Will    .....        v - amulet of reflection Stlth
                     o - +3 ring of dexterity
HPRegen 0.43/turn    p - +2 ring of evasion
MPRegen 0.12/turn

%: no teleportation, reflection
@: corroded, gold aura, flying
A: horns 2, retaliatory headbutt
a: Renounce Religion, Potion Petition, Call Merchant, Bribe Branch


You were in the Dungeon.
You worshipped Gozag.
Gozag was greatly pleased with you.
You visited 1 branch You collected 9740 gold pieces.
You spent 1198 gold pieces at shops.
You paid 1492 gold pieces to Gozag.

Inventory:

Hand Weapons
 n - a +2 morningstar of protection
 r - a +9 eveningstar of venom (weapon)
 F - a +3 great mace
Armour
 c - a +0 buckler (worn)
 t - a +3 chain mail (worn)
 u - a +0 cloak of stealth
 x - a +2 cloak (worn)
 y - a scarf of harm
 z - a +0 pair of boots of flying (worn)
 A - the +1 pair of gloves "Duecace" (worn) {rElec rC+}
   (You bought it in a shop in the Dungeon)

   rC:        It protects you from cold.
   rElec:     It insulates you from electricity.
Jewellery
 o - a +3 ring of dexterity (left hand)
 p - a +2 ring of evasion (right hand)
 v - an amulet of reflection (around neck)
 B - a ring of fire
 C - a ring of fire
 D - a ring of protection from fire
 E - a ring of fire
Wands
 m - a wand of iceblast (10)
Scrolls
 a - 4 scrolls of enchant armour
 j - 4 scrolls of blinking
 l - 3 scrolls of amnesia
 s - 2 scrolls of identify
 w - 2 scrolls of fog
Potions
 b - a potion of mutation
 d - 2 potions of might
 e - 8 potions of curing
 f - 4 potions of heal wounds
 g - 2 potions of haste
 h - 4 potions of magic
 i - 2 potions of berserk rage
 k - a potion of invisibility
 q - a potion of brilliance


   Skills:
 * Level 23.0 Fighting
 * Level 22.8 Maces & Flails
 + Level 16.9 Armour
 + Level 15.3 Dodging
 - Level 3.6 Shields


You had 11 spell levels left.
You didn't know any spells.
Your spell library was empty.

Dungeon Overview and Level Annotations

Branches:
Dungeon (1/1)

Altars:
Cheibriados
Dithmenos
Elyvilon
Fedhas
Gozag
Hepliaklqana
Kikubaaqudgha
Makhleb
Nemelex Xobeh
Okawaru
Qazlal
Ru
Sif Muna
Trog
Uskayaw
Vehumet
Wu Jian
Xom
Yredelemnul
Zin
The Shining One
Jiyva
Lugonu

Shops:
D ?[([[=


Innate Abilities, Weirdness & Mutations

You have a pair of horns on your head.
You reflexively headbutt those who attack you in melee.


Message History

The demonic crawler is no longer distracted by gold.
The demonic crawler is heavily wounded.
The demonic crawler completely misses you.
The demonic crawler hits you!!
* * * LOW HITPOINT WARNING * * *
The demonic crawler misses you.
You block the jumping spider's attack. x2
You feel much better.
You block the demonic crawler's attack. x2
The demonic crawler hits you but does no damage. x4
The jumping spider leaps!
You thump the demonic crawler!
The demonic crawler is heavily wounded.
The demonic crawler barely misses you. You furiously retaliate!
You headbutt the demonic crawler, but do no damage.
You block the demonic crawler's attack. x2
The demonic crawler barely misses you. You block the demonic crawler's attack.
The demonic crawler completely misses you.
You feel much better.
The jumping spider's soul is no longer bound.
You block the demonic crawler's attack. The demonic crawler hits you!!
* * * LOW HITPOINT WARNING * * *
The demonic crawler barely misses you. The demonic crawler closely misses you.
The demonic crawler hits you!
* * * LOW HITPOINT WARNING * * *
You block the demonic crawler's attack.
You beat the demonic crawler like a drum!!!
The demonic crawler looks as sick as possible!
The demonic crawler is severely wounded.
The jumping spider is distracted by your dazzling golden aura.
The demonic crawler closely misses you. You furiously retaliate!
You headbutt the demonic crawler. The demonic crawler closely misses you.
The demonic crawler barely misses you.
The jumping spider's many legs skitter faintly.
You impale the demonic crawler!!
Your headbutt misses the demonic crawler.
The demonic crawler is almost dead.
The demonic crawler hits you!
* * * LOW HITPOINT WARNING * * *
You block the demonic crawler's attack. The demonic crawler hits you!
You die...
Your body crumbles into a pile of gold.

▓▓▓▓▓▓▓▓▓▓▓▓▓▓▓▓▓▓▓▓▓▓▓▓
...........s...$@sy.....
.▓▓▓▓▓▓▓▓▓▓▓▓▓▓▓▓▓▓▓▓▓▓▓▓▓▓▓▓▓▓▓▓
.................................
▓▓▓▓▓▓▓▓▓▓▓▓▓▓▓▓▓▓▓▓▓▓▓▓▓▓▓▓▓▓▓▓▓
.........'......))))))))[[[[[[[[[
.▓▓▓▓▓▓▓▓▓▓▓▓▓▓▓▓▓▓▓▓▓▓▓▓▓▓▓▓▓▓▓▓
.................................
▓▓▓▓▓▓▓▓▓▓▓▓▓▓▓▓▓▓▓▓▓▓▓▓▓▓▓▓▓▓▓▓▓
.............)).)))))).)...')))..


You could see a demonic crawler (berserk, extremely poisoned), a moth of wrath
and a jumping spider.

Vanquished Creatures
  A very ugly thing (D)
  A vampire knight (D)
  An ettin (D)
  An entropy weaver (D)
  An ice dragon (D)
  An ogre mage (D)
  2 hydras (D)
  2 two-headed ogres (D)
  A centaur warrior (D)
  A deep troll earth mage (D)
  A tengu warrior (D)
  Urug (D)
  A pharaoh ant (D)
  A steelbarb worm (D)
  11 orc knights (D)
  A wizard (D)
  An ugly thing (D)
  4 cyclopes (D)
  A wolf spider (D)
  3 cane toads (D)
  2 komodo dragons (D)
  A freezing wraith (D)
  A tengu conjurer (D)
  4 polar bears (D)
  3 blink frogs (D)
  A wraith (D)
  4 yaks (D)
  A wyvern (D)
  3 redbacks (D)
  2 basilisks (D)
  3 water moccasins (D)
  5 black bears (D)
  12 orc warriors (D)
  2 centaurs (D)
  A scorpion (D)
  A killer bee (D)
  3 orc priests (D)
  4 orc wizards (D)
  An adder (D)
  An ufetubus (D)
  11 orcs (D)
  2 goblins (D)
  A kobold (D)
  2 bats (D)
108 creatures vanquished.

Notes
Turn   | Place    | Note
-------+----------+-------------------------------------------
     0 | D        | 123456 the Minotaur Fighter began the quest for the Orb.
     0 | D        | Reached XP level 1. HP: 19/19 MP: 0/0
     9 | D        | Reached skill level 4 in Fighting
    11 | D        | Reached skill level 1 in Dodging
    24 | D        | Noticed a scorpion
    24 | D        | Noticed a centaur
    31 | D        | Killed a scorpion
    32 | D        | Reached skill level 6 in Fighting
    32 | D        | Reached skill level 5 in Maces & Flails
    32 | D        | Reached skill level 5 in Armour
    32 | D        | Reached XP level 2. HP: 30/31 MP: 1/1
    32 | D        | Reached XP level 3. HP: 37/38 MP: 2/2
    34 | D        | Reached XP level 4. HP: 45/45 MP: 3/3
    39 | D        | Killed a centaur
    40 | D        | Reached skill level 8 in Fighting
    40 | D        | Reached XP level 5. HP: 38/53 MP: 4/4
    96 | D        | Found a snail-covered altar of Cheibriados.
    96 | D        | Found a shadowy altar of Dithmenos.
    96 | D        | Found a white marble altar of Elyvilon.
    96 | D        | Found a blossoming altar of Fedhas.
    96 | D        | Found an opulent altar of Gozag.
    97 | D        | Found a hazy altar of Hepliaklqana.
    98 | D        | Found a viscous altar of Jiyva.
    99 | D        | Found an ancient bone altar of Kikubaaqudgha.
   100 | D        | Found a corrupted altar of Lugonu.
   101 | D        | Found a burning altar of Makhleb.
   102 | D        | Found a sparkling altar of Nemelex Xobeh.
   103 | D        | Found an iron altar of Okawaru.
   104 | D        | Became a worshipper of Gozag Ym Sagoz the Greedy
   107 | D        | Found a stormy altar of Qazlal.
   108 | D        | Found a sacrificial altar of Ru.
   109 | D        | Found a shimmering blue altar of Sif Muna.
   110 | D        | Found a bloodstained altar of Trog.
   111 | D        | Found a hide-covered altar of Uskayaw.
   112 | D        | Found a radiant altar of Vehumet.
   113 | D        | Found an ornate altar of the Wu Jian Council.
   114 | D        | Found a shimmering altar of Xom.
   115 | D        | Found a basalt altar of Yredelemnul.
   116 | D        | Found a glowing silver altar of Zin.
   117 | D        | Found a glowing golden altar of the Shining One.
   125 | D        | Found the +7 lajatang of Order {silver, rMut}
   166 | D        | Noticed an orc warrior
   166 | D        | Noticed a yak
   166 | D        | Noticed a wraith
   166 | D        | Noticed a yak
   166 | D        | Noticed a yak
   173 | D        | Killed an orc warrior
   174 | D        | Reached skill level 9 in Fighting
   174 | D        | Reached skill level 5 in Dodging
   180 | D        | Killed a yak
   181 | D        | Reached skill level 10 in Fighting
   181 | D        | Reached skill level 10 in Maces & Flails
   181 | D        | Reached XP level 6. HP: 44/67 MP: 5/5
   188 | D        | Killed a wraith
   189 | D        | Reached skill level 11 in Fighting
   189 | D        | Reached XP level 7. HP: 51/74 MP: 6/6
   191 | D        | Killed a yak
   197 | D        | Killed a yak
   198 | D        | Reached skill level 12 in Fighting
   365 | D        | Noticed a two-headed ogre
   365 | D        | Noticed a cyclops
   365 | D        | Noticed a centaur warrior
   365 | D        | Noticed a cyclops
   365 | D        | Noticed a two-headed ogre
   374 | D        | Killed a two-headed ogre
   375 | D        | Reached skill level 13 in Fighting
   375 | D        | Reached skill level 10 in Armour
   375 | D        | Reached XP level 8. HP: 75/88 MP: 7/7
   380 | D        | Killed a cyclops
   381 | D        | Reached skill level 14 in Fighting
   385 | D        | Killed a centaur warrior
   386 | D        | Reached skill level 15 in Fighting
   386 | D        | Reached XP level 9. HP: 29/97 MP: 8/8
   390 | D        | Killed a cyclops
   391 | D        | Reached skill level 15 in Maces & Flails
   391 | D        | Reached skill level 10 in Dodging
   396 | D        | Killed a two-headed ogre
  1048 | D        | Noticed a komodo dragon
  1053 | D        | Reached skill level 16 in Fighting
  1073 | D        | Killed a komodo dragon
  1074 | D        | Reached XP level 10. HP: 68/108 MP: 9/9
  1097 | D        | Reached skill level 17 in Fighting
  1193 | D        | Noticed a four-headed hydra
  1193 | D        | Noticed a cane toad
  1197 | D        | Noticed a cane toad
  1198 | D        | Noticed a cane toad
  1200 | D        | Killed a four-headed hydra
  1201 | D        | Noticed an eight-headed hydra
  1218 | D        | Killed an eight-headed hydra
  1219 | D        | Reached skill level 18 in Fighting
  1223 | D        | Killed a cane toad
  1225 | D        | Killed a cane toad
  1228 | D        | Killed a cane toad
  1238 | D        | HP: 5/114 [poisoned by a cane toad]
  1526 | D        | Bought a scroll of amnesia for 48 gold pieces
  1526 | D        | Bought a scroll of brand weapon for 114 gold pieces
  1526 | D        | Bought a scroll of enchant weapon for 90 gold pieces
  1526 | D        | Bought a scroll of enchant weapon for 90 gold pieces
  1539 | D        | Reached XP level 11. HP: 114/121 MP: 10/10
  1668 | D        | Noticed Urug
  1681 | D        | Killed Urug
  1682 | D        | Reached skill level 19 in Fighting
  1951 | D        | Noticed an orc knight
  1951 | D        | Noticed an orc knight
  1960 | D        | Killed an orc knight
  1965 | D        | Killed an orc knight
  2031 | D        | Found Rimymotz's Antique Armour Emporium.
  2031 | D        | Noticed an orc knight
  2031 | D        | Noticed an orc knight
  2031 | D        | Noticed an orc knight
  2031 | D        | Noticed an orc knight
  2035 | D        | Killed an orc knight
  2038 | D        | Noticed an orc knight
  2040 | D        | Killed an orc knight
  2041 | D        | Reached skill level 20 in Fighting
  2045 | D        | Killed an orc knight
  2051 | D        | Killed an orc knight
  2056 | D        | Killed an orc knight
  2057 | D        | Noticed an orc knight
  2060 | D        | Found Xywn's Antique Weapon Shoppe.
  2065 | D        | Found Cuacheon's Antique Armour Emporium.
  2067 | D        | Reached skill level 15 in Armour
  2070 | D        | Killed an orc knight
  2071 | D        | Found Pumar's Armour Shoppe.
  2074 | D        | Bought a runed cloak for 157 gold pieces
  2074 | D        | Bought a glowing scarf for 168 gold pieces
  2074 | D        | Noticed an orc knight
  2110 | D        | Killed an orc knight
  2125 | D        | Noticed an orc knight
  2132 | D        | Killed an orc knight
  2338 | D        | Bought a pair of runed boots for 135 gold pieces
  2345 | D        | Bought the +1 pair of gloves "Duecace" {rElec rC+} for 396
                  | gold pieces
  2623 | D        | Noticed a purple ugly thing
  2623 | D        | Noticed an ogre mage
  2623 | D        | Noticed a wolf spider
  2623 | D        | Noticed an orc knight
  2626 | D        | Noticed a wizard
  2628 | D        | Killed a purple ugly thing
  2629 | D        | Reached skill level 21 in Fighting
  2629 | D        | Noticed a brown very ugly thing
  2631 | D        | Killed an ogre mage
  2632 | D        | Reached XP level 12. HP: 89/136 MP: 11/11
  2637 | D        | Noticed an ettin
  2644 | D        | Killed a brown very ugly thing
  2645 | D        | Noticed a vampire knight
  2645 | D        | Noticed a deep troll earth mage
  2665 | D        | Killed a vampire knight
  2666 | D        | Reached skill level 22 in Fighting
  2666 | D        | Noticed a tengu warrior
  2671 | D        | Noticed an ice dragon
  2676 | D        | Killed an ettin
  2728 | D        | HP: 5/138 [deep troll earth mage/blast of rock fragments
                  | (9)]
  2729 | D        | HP: 2/138 [deep troll earth mage/blast of rock fragments
                  | (4)]
  3033 | D        | Killed a deep troll earth mage
  3093 | D        | Killed a tengu warrior
  3105 | D        | Killed an ice dragon
  3106 | D        | Reached skill level 15 in Dodging
  3311 | D        | Noticed an entropy weaver
  3327 | D        | Killed an entropy weaver
  3328 | D        | Reached skill level 23 in Fighting
  3340 | D        | Slain by a demonic crawler

Illustrated notes

Levels and vault maps discovered:
D:        linesprint [early_d, line_temple, items_1, d_10, items_2, lair_1,
          lair_end, items_3, orc_1, orc_end, items_4, d_15, swamp_1, shoals_1,
          snake_1, spider_1, d_20, vaults_1, items_5, swamp_end, shoals_end,
          snake_end, spider_end, vaults_end, d_27, items_6, zot_1, zot_end,
          crypt_end, forest_end, elf_end, slime_end, tomb_end, abyss_end,
          pan_hell_end]

Skill      XL: |  1  2  3  4  5  6  7  8  9 10 11 12 |
---------------+-------------------------------------+-----
Fighting       | 6 8 10 11 13 15 16 18 21 23 | 23.0
Maces & Flails | 5 7 10 13 14 16 18 21 22 | 22.8
Dodging        | 3 4 6 8 9 10 12 14 15 | 15.3
Armour         | 5 6 7 8 10 11 12 13 15 16 | 16.9
Shields        | |  3.6

Action                     |  1- 3 |  4- 6 |  7- 9 | 10-12 || total
---------------------------+-------+-------+-------+-------++-------
  Melee: Flail             |    22 |     5 |       |       ||    27
         Headbutt          |     1 |     6 |    17 |    60 ||    84
         Morningstar       |       |    22 |    63 |    91 ||   176
         Eveningstar       |       |       |       |   177 ||   177
 Invoke: Call Merchant     |       |       |       |     2 ||     2
    Use: Scroll            |       |       |       |     7 ||     7
         Potion            |       |       |       |     3 ||     3
   Stab: Distracted        |       |     1 |       |     4 ||     5
 Armour: Scale mail        |     9 |     9 |    18 |    31 ||    67
         Chain mail        |       |       |       |    35 ||    35
  Dodge: Dodged            |    10 |    14 |    17 |   139 ||   180
  Block: Buckler           |     6 |     5 |     5 |    68 ||    84
         Reflection        |       |       |       |     4 ||     4

Table legend: (Time is in decaauts)
 A = Elapsed time spent in this place.
 B = Non-inter-level travel time spent in this place.
 C = Inter-level travel time spent in this place.
 D = Time resting spent in this place.
 E = Time spent auto-exploring this place.
 F = Levels seen in this place.
 G = Mean time per level.
                   A        B        C        D        E       F      G
               +--------+--------+--------+--------+--------+-----+--------+
         Total |   3262 |   3172 |     90 |   1387 |    907 |   1 | 3262.0 |
       Dungeon |   3262 |   3172 |     90 |   1387 |    907 |   1 | 3262.0 |
               +--------+--------+--------+--------+--------+-----+--------+

Top non-repeatable levels by time:
       D: 3262 daAuts
